 Dungeon Sprint DCSS version 0.20.1-1-g8b1a95d (webtiles) character file.

638 JustSomeDude the Unseen (level 7, 0/81 HPs)
             Began as a Vampire Assassin on Aug 26, 2017.
             Was an Initiate of Dithmenos.
             Slain by Sonja
             ... wielding a +2 dagger of distortion
              (2 damage)
             ... in the Dungeon (Sprint I: "Red Sonja").
             The game lasted 00:01:40 (507 turns).

JustSomeDude the Unseen (Vampire Assassin)           Turns: 507, Time: 00:01:40

Health: 0/81       AC:  3    Str: 15    XL:     7   Next: 25%
Magic:  7/7        EV: 13    Int: 14    God:    Dithmenos [......]
Gold:   421        SH:  0    Dex: 17    Spells: 6/6 levels left

rFire    . . .     SeeInvis +   a - +2 dagger
rCold    . . .     Gourm    .   (no shield)
rNeg     + . .     Faith    .   c - +0 robe
rPois    .         Spirit   .   (no helmet)
rElec    .         Reflect  .   d - +0 cloak
rCorr    .         Harm     .   (no gloves)
MR       .....     NoTele   +   (no boots)
Stlth    ..........             (no amulet)
Regen    0.3/turn               (no ring)
MPRegen  0.1/turn               (no ring)

@: berserking, very quick
A: fangs 3, see invisible, unbreathing
a: Bat Form, Renounce Religion


You were in the Dungeon.
You worshipped Dithmenos.
Dithmenos was noncommittal.
You were not thirsty.

You visited 1 branch You collected 421 gold pieces.

Inventory:

Hand Weapons
 a - a +2 dagger (weapon)
 b - a +0 blowgun
Missiles
 e - 8 poisoned needles
 f - 2 curare-tipped needles
Armour
 c - a +0 robe (worn)
 d - a +0 cloak (worn)
Wands
 n - a wand of flame (24/48)
Scrolls
 m - a scroll of blinking
Potions
 g - 4 potions of blood
 h - a potion of curing
 i - a potion of heal wounds
 k - 2 potions of magic


   Skills:
 + Level 4.3 Fighting
 + Level 7.0 Short Blades
 + Level 4.2 Throwing
 + Level 2.5 Dodging
 + Level 18.8 Stealth


You had 6 spell levels left.
You didn't know any spells.

Dungeon Overview and Level Annotations

Branches:
Dungeon (1/1)

Altars:
Cheibriados
Dithmenos
Elyvilon
Fedhas
Gozag
Hepliaklqana
Kikubaaqudgha
Makhleb
Nemelex Xobeh
Okawaru
Qazlal
Ru
Sif Muna
Trog
Uskayaw
Vehumet
Xom
Yredelemnul
Zin
The Shining One
Jiyva
Lugonu

Shops:
D *

Annotations:
D Sonja


Innate Abilities, Weirdness & Mutations

You have razor-sharp teeth.
You have supernaturally acute eyesight. (SInv)
You can survive without breathing.


Message History

Sonja misses you.
Sonja hits you with an uncursed dagger of distortion.
Space bends around you.
Sonja hits you with an uncursed dagger of distortion.
Space bends around you.
* * * LOW HITPOINT WARNING * * *
You barely miss Sonja.
Sonja is heavily wounded.
You puncture Sonja!
Sonja is almost dead.
Sonja hits you with an uncursed dagger of distortion.
* * * LOW HITPOINT WARNING * * *
Space warps horribly around you!
* * * LOW HITPOINT WARNING * * *
Sonja hits you but does no damage. Space bends around you.
* * * LOW HITPOINT WARNING * * *
Sonja hits you with an uncursed dagger of distortion.
* * * LOW HITPOINT WARNING * * *
Space bends around you.
You die...

######################
#<.#.)'..#..'..#__#..+
#..'..#.)').#..'..'..#
#..#####'#####'#__####
#..####..#...#[####
#..#__####..##.#
#..#_____##'#..+
#⌠⌠#_.∩..÷'K.._#
####_..__##_@#'#
#_____###'#)# #######
#.### $.$ $.$ ##.##
#+#


You could see Sonja.

Vanquished Creatures
  A slime creature (D)
  Sigmund (D)
  A yak (D)
  An ogre (D)
  A jelly (D)
  Ijyb (D)
6 creatures vanquished.

Notes
Turn   | Place    | Note
-------+----------+-------------------------------------------
     0 | D        | JustSomeDude the Vampire Assassin began the quest for the Orb.
     0 | D        | Reached XP level 1. HP: 16/16 MP: 1/1
     1 | D        | Noticed Ijyb
     4 | D        | Killed Ijyb
     4 | D        | Reached skill level 9 in Stealth
     4 | D        | Reached XP level 2. HP: 22/22 MP: 2/2
     7 | D        | Noticed an ogre
    10 | D        | Killed an ogre
    10 | D        | Reached skill level 13 in Stealth
    10 | D        | Reached XP level 3. HP: 28/28 MP: 3/3
    10 | D        | Reached XP level 4. HP: 34/34 MP: 4/4
    19 | D        | Noticed Sigmund
    38 | D        | Killed Sigmund
    38 | D        | Reached skill level 5 in Short Blades
    38 | D        | Reached skill level 15 in Stealth
    38 | D        | Reached XP level 5. HP: 6/41 MP: 5/5
    38 | D        | Reached XP level 6. HP: 7/47 MP: 6/6
   419 | D        | Found a deep blue altar of Sif Muna.
   421 | D        | Found a radiant altar of Vehumet.
   425 | D        | Reached skill level 16 in Stealth
   428 | D        | Found Wiez's General Store.
   428 | D        | Found an ancient bone altar of Kikubaaqudgha.
   428 | D        | Found a hazy altar of Hepliaklqana.
   428 | D        | Found a stormy altar of Qazlal.
   428 | D        | Found a hide-covered altar of Uskayaw.
   428 | D        | Found a blossoming altar of Fedhas.
   428 | D        | Found a bloodstained altar of Trog.
   428 | D        | Found an iron altar of Okawaru.
   428 | D        | Found a basalt altar of Yredelemnul.
   428 | D        | Found a glowing golden altar of the Shining One.
   428 | D        | Found a snail-covered altar of Cheibriados.
   428 | D        | Found a sacrificial altar of Ru.
   428 | D        | Found a glowing silver altar of Zin.
   428 | D        | Found a shadowy altar of Dithmenos.
   428 | D        | Found a white marble altar of Elyvilon.
   428 | D        | Noticed a yak
   429 | D        | Found an opulent altar of Gozag.
   430 | D        | Killed a yak
   430 | D        | Reached skill level 17 in Stealth
   431 | D        | Found a sparkling altar of Nemelex Xobeh.
   439 | D        | Became a worshipper of Dithmenos the Shadowed
   473 | D        | Found a burning altar of Makhleb.
   473 | D        | Found a viscous altar of Jiyva.
   473 | D        | Found a shimmering altar of Xom.
   473 | D        | Found a corrupted altar of Lugonu.
   473 | D        | Noticed a slime creature
   476 | D        | Killed a slime creature
   476 | D        | Reached skill level 18 in Stealth
   476 | D        | Reached XP level 7. HP: 54/54 MP: 7/7
   499 | D        | Noticed Sonja
   507 | D        | HP: 2/81 [Sonja/uncursed dagger of distortion (3)]
   507 | D        | Slain by Sonja

Skill      XL: |  1  2  3  4  5  6 |
---------------+-------------------+-----
Fighting       | 2 3 4 |  4.3
Short Blades   | 3 4 5 7 |  7.0
Throwing       | 2 3 4 |  4.2
Stealth        | 9 13 15 18 | 18.8
Dodging        | 2 |  2.5

Action                   |  1- 3 |  4- 6 |  7- 9 || total
-------------------------+-------+-------+-------++-------
Melee: Dagger            |     2 |    20 |     8 ||    30
       Bite              |       |     2 |       ||     2
  Use: Potion            |       |     1 |     1 ||     2
 Stab: Sleeping          |     2 |     3 |       ||     5
Armor: Robe              |       |       |     1 ||     1
Dodge: Dodged            |       |     4 |     2 ||     6
